 Dungeon Crawl Stone Soup version 0.29.0-4-gdea44cf6ec (webtiles) character file.

Game seed: 15638752356776766816

727 qw the Chopper (level 7, -1/56 HPs)
             Began as a Demonspawn Cinder Acolyte on Sept 8, 2022.
             Was a High Priest of Ignis.
             Succumbed to a water moccasin's poison
             ... on level 5 of the Dungeon.
             The game lasted 00:01:12 (4562 turns).

qw the Chopper (Demonspawn Cinder Acolyte)          Turns: 4562, Time: 00:01:13

Health: -1/56      AC: 26    Str: 22    XL:     7   Next: 44%
Magic:  8/8        EV:  7    Int: 15    God:    Ignis [*****.]
Gold:   692        SH:  4    Dex:  8    Spells: 8/8 levels left

rFire   + . .      SeeInvis .   Y - +1 broad axe (vorpal)
rCold   . . .      Faith    .   (no shield)
rNeg    . . .      Spirit   .   a - +7 plate armour "Qyshruj" {Str+5}
rPois   .          Reflect  .   (no helmet)
rElec   .          Harm     .   (no cloak)
rCorr   .          Rampage  .   (no gloves)
Will    .....                   (no boots)
Stlth   ..........              g - amulet of the acrobat
HPRegen 0.18/turn               (no ring)
MPRegen 0.11/turn               (no ring)

@: lethally poisoned (-1 -> -11), fiery-armoured
A: rugged brown scales 1, condensation shield, demonic touch 1, wild magic 1,
evolution 1, inability to read after injury 1, sturdy frame 1
a: Renounce Religion, Fiery Armour, Foxfire Swarm, Rising Flame


You were on level 5 of the Dungeon.
You worshipped Ignis.
Ignis was extremely pleased with you.
You visited 1 branch of the dungeon, and saw 5 of its levels.

You collected 860 gold pieces.
You spent 168 gold pieces at shops.


Innate Abilities, Weirdness & Mutations

You are partially covered in rugged brown scales. (AC +1, +3% HP)
A meltable shield of frost defends you. (SH +4)
Your touch may inflict minor irresistible damage on your foes.
Your spells are a little harder to cast, but a little more powerful.
You have hidden genetic potential.
You occasionally lose the ability to read scrolls when taking damage.
Your movements are slightly less encumbered by armour. (ER -2)


   Skills:
 - Level 4.5 Fighting
 + Level 6.2 Axes
 - Level 1.0 Throwing
 - Level 2.3 Armour
 - Level 2.1 Dodging
 - Level 1.0 Spellcasting
 - Level 2.6 Fire Magic


You had 8 spell levels left.
You didn't know any spells.
Your spell library contained the following spells:

 Spells                   Type           Power      Damage    Failure   Level
 Scorch                   Fire           22%        2d6       88%         2

Inventory:

Hand Weapons
 l - a -1 hand axe of flaming
 Y - a +1 vorpal broad axe (weapon)
Missiles
 j - 3 boomerangs (quivered)
Armour
 a - the +7 plate armour "Qyshruj" (worn) {Str+5}
   (You acquired it on level 1 of the Dungeon)

   Str:       It affects your strength (+5).
Jewellery
 b - a +6 ring of intelligence
 g - an amulet of the acrobat (around neck)
Scrolls
 p - a scroll of identify
Potions
 d - a potion of cancellation {unknown}
 f - a potion of curing {unknown}
 h - a potion of lignification {unknown}
 i - a potion of magic {unknown}
 m - a potion of degeneration {unknown}

Dungeon Overview and Level Annotations

Branches:
Dungeon (5/15)             Temple (0/1) D:5

Altars:
Ashenzari
Okawaru

Shops:
D:3 (

Annotations:
D:4 1 runed translucent door, Crazy Yiuf


Message History

The water moccasin poisons you! The water moccasin barely misses you.
You slash the water moccasin!
The water moccasin is heavily wounded.
You feel very sick. The water moccasin barely misses you.
You closely miss the water moccasin. Your touch misses the water moccasin.
The water moccasin is heavily wounded.
You feel very sick.
The water moccasin bites you but does no damage.
The water moccasin bites you.
4558 ||| INVOKING Fiery Armour.
A protective cloak of flame settles atop you.
You feel very sick. The water moccasin bites you.
The water moccasin is burned by your cloak of flames.
The water moccasin is heavily wounded.
The water moccasin closely misses you.
You closely miss the water moccasin.
The water moccasin is heavily wounded.
You feel very sick. The water moccasin bites you.
You are lethally poisoned!
The water moccasin poisons you!
The water moccasin is burned by your cloak of flames.
The water moccasin is severely wounded.
You closely miss the water moccasin.
The water moccasin is severely wounded.
You feel very sick.
The water moccasin bites you but does no damage.
The water moccasin is burned by your cloak of flames.
The water moccasin is severely wounded.
The water moccasin bites you.
The water moccasin is burned by your cloak of flames.
You kill the water moccasin!
Your Dodging skill gained 2 levels and is now at level 2!
There is a lethal amount of poison in your body!
You feel very sick.
You slash the necrophage!
You touch the necrophage!
The necrophage is almost destroyed.
You die...

....####.##..
.............
#.#>.#.#..... (. ###..
#........
#.n######...###........
.....................
#...#.##...........
#######n#.......#......
#.....@........##......
........................
........#.###.########.#
..........#...# .#
####........### ..
#........ # #......###
#......#


You could see a necrophage.

Vanquished Creatures
  Edmund (D:4)
  A water moccasin (D:5)
  An ogre (D:4)
  A necrophage (D:3)
  A howler monkey (D:4)
  A jelly (D:4)
  An orc priest (D:4)
  Ijyb (D:4)
  3 iguanas (D:4)
  An orc wizard (D:3)
  5 adders
  2 worms (D:2)
  5 dart slugs
  7 orcs
  4 bats
  4 endoplasms
  3 giant cockroaches
  3 hobgoblins
  4 jackals (D:3)
  7 kobolds
  9 ball pythons
  3 frilled lizards
  9 goblins
  5 rats
82 creatures vanquished.

Notes
Turn   | Place    | Note
-------+----------+-------------------------------------------
     0 | D:1      | qw the Demonspawn Cinder Acolyte began the quest for the
                  | Orb.
     0 | D:1      | Reached XP level 1. HP: 18/18 MP: 2/2
     0 | D:1      | 0 ||| qw: Version: 0.1-a-111-g1c1fd2e
     0 | D:1      | 0 ||| qw: Game counter: 6626
     0 | D:1      | 0 ||| qw: Always use a shield: true
     0 | D:1      | 0 ||| qw: God list: Okawaru
     0 | D:1      | 0 ||| qw: Allow faded altars: false
     0 | D:1      | 0 ||| qw: Do Orc after D:15 true
     0 | D:1      | 0 ||| qw: Do second Lair branch before Depths: true
     0 | D:1      | 0 ||| qw: Lair rune preference: random
     0 | D:1      | 0 ||| qw: Plans: Normal
     0 | D:1      | 0 ||| PLANNING D:1-11
    15 | D:1      | 15 ||| Stepping ~*~*~tactically~*~*~ (stealth).
   137 | D:1      | Reached skill level 3 in Axes
   418 | D:1      | Gained mutation: Your touch may inflict minor irresistible
                  | damage on your foes. [demonic ancestry]
   418 | D:1      | Reached XP level 2. HP: 24/24 MP: 3/3
   624 | D:1      | Found a faded altar of an unknown god.
  1159 | D:1      | 1159 ||| UPGRADING to +0 ring mail.
  1169 | D:1      | 1169 ||| DROPPING +0 robe.
  1170 | D:1      | 1170 ||| UPGRADING to amulet of the acrobat.
  1175 | D:1      | 1175 ||| READING scroll labelled HAUFUNN IMPIQE.
  1176 | D:1      | 1176 ||| READING 4 scrolls labelled VARPHE KITOM.
  1177 | D:1      | 1177 ||| READING 2 scrolls labelled FAIHYORUAX.
  1177 | D:1      | Identified 2 scrolls of acquirement
  1177 | D:1      | 1177 ||| ACQUIRING 725 gold pieces
  1177 | D:1      | Acquired 725 gold pieces
  1179 | D:1      | 1179 ||| READING scroll of acquirement.
  1179 | D:1      | 1179 ||| ACQUIRING +7 plate armour "Qyshruj" {Str+5}
  1179 | D:1      | Acquired the +7 plate armour "Qyshruj" {Str+5}
  1181 | D:1      | 1181 ||| UPGRADING to +7 plate armour "Qyshruj" {Str+5}.
  1191 | D:1      | 1191 ||| DROPPING +0 ring mail.
  1192 | D:1      | 1192 ||| READING scroll labelled BYAWUT NEYRRICH.
  1293 | D:1      | 1293 ||| READING 2 scrolls labelled WAESUSUKKA.
  1296 | D:1      | 1296 ||| DROPPING 3 scrolls of magic mapping.
  1342 | D:2      | 1342 ||| Stepping ~*~*~tactically~*~*~ (hiding).
  1498 | D:2      | 1498 ||| Stepping ~*~*~tactically~*~*~ (stealth).
  1504 | D:2      | 1504 ||| Stepping ~*~*~tactically~*~*~ (stealth).
  1515 | D:2      | Reached skill level 1 in Armour
  1537 | D:2      | Reached skill level 1 in Throwing
  1544 | D:2      | Gained mutation: A meltable shield of frost defends you.
                  | (SH +4) [demonic ancestry]
  1544 | D:2      | Reached XP level 3. HP: 28/29 MP: 4/4
  1804 | D:2      | 1804 ||| Stepping ~*~*~tactically~*~*~ (stealth).
  2232 | D:2      | 2232 ||| READING scroll labelled HOX TOK QEA.
  2250 | D:3      | 2250 ||| Stepping ~*~*~tactically~*~*~ (hiding).
  2251 | D:3      | 2251 ||| Stepping ~*~*~tactically~*~*~ (hiding).
  2258 | D:3      | Reached skill level 4 in Axes
  2258 | D:3      | Gained mutation: You are partially covered in rugged brown
                  | scales. (AC +1, +3% HP) [demonic ancestry]
  2258 | D:3      | Reached XP level 4. HP: 26/36 MP: 5/5
  2262 | D:3      | 2262 ||| Stepping ~*~*~tactically~*~*~ (stealth).
  2263 | D:3      | 2263 ||| FLEEEEING.
  2264 | D:3      | 2264 ||| FLEEEEING.
  2265 | D:3      | 2265 ||| FLEEEEING.
  2266 | D:3      | 2266 ||| STAIRDANCE
  2404 | D:3      | 2404 ||| STAIRDANCE
  2410 | D:3      | 2410 ||| STAIRDANCE
  2415 | D:3      | 2415 ||| STAIRDANCE
  2426 | D:3      | Identified the +9 whip of the Ecumenical Temple {vorpal,
                  | +Blink Int+2 Stlth+}
  2429 | D:3      | Found an iron altar of Okawaru.
  2441 | D:3      | Found Ysuizu's Antique Weapon Shoppe.
  2449 | D:3      | 2449 ||| BUYING runed broad axe (168 gold).
  2449 | D:3      | Bought a runed broad axe for 168 gold pieces
  2449 | D:3      | 2449 ||| SWAPPING to +1 vorpal broad axe.
  2638 | D:3      | Found a broken altar of Ashenzari.
  2648 | D:3      | Saw a vision of the Shoals and the Snake Pit.
  2648 | D:3      | Noticed a naga mage
  2648 | D:3      | Noticed a naga warrior
  2648 | D:3      | Noticed a shock serpent
  2648 | D:3      | Noticed an anaconda
  2648 | D:3      | Noticed a mana viper
  2648 | D:3      | Noticed a snapping turtle
  2648 | D:3      | Noticed a merfolk impaler
  2648 | D:3      | Noticed a water elemental
  2648 | D:3      | Noticed a manticore
  2648 | D:3      | Noticed a naga mage
  2650 | D:3      | Noticed a naga sharpshooter
  2651 | D:3      | Noticed a manticore
  2652 | D:3      | Noticed a merfolk avatar
  3045 | D:3      | 3045 ||| READING scroll labelled PUEJAT ESEIMMI.
  3091 | D:4      | Reached skill level 5 in Axes
  3091 | D:4      | Reached XP level 5. HP: 31/42 MP: 6/6
  3091 | D:4      | 3091 ||| STAIRDANCE
  3170 | D:4      | 3170 ||| STAIRDANCE
  3181 | D:4      | 3181 ||| STAIRDANCE
  3243 | D:4      | 3243 ||| INVOKING Fiery Armour.
  3250 | D:4      | Reached XP level 6. HP: 36/48 MP: 7/7
  3571 | D:4      | Noticed Edmund
  3578 | D:4      | Killed Edmund
  3579 | D:4      | Reached skill level 6 in Axes
  3788 | D:4      | Found a runed translucent door.
  3789 | D:4      | Noticed Crazy Yiuf
  3872 | D:4      | Noticed Ijyb
  3873 | D:4      | 3873 ||| Stepping ~*~*~tactically~*~*~ (hiding).
  3883 | D:4      | Killed Ijyb
  4106 | D:4      | 4106 ||| READING scroll labelled LISIRU LY YTEGUAZ.
  4107 | D:4      | 4107 ||| READING scroll labelled IDULARIALE.
  4108 | D:4      | 4108 ||| DRINKING 3 brown potions.
  4108 | D:4      | Gained mutation: You occasionally lose the ability to drink
                  | potions when taking damage. [potion of mutation]
  4108 | D:4      | Gained mutation: Your muscles are strong. (Str +4, Int/Dex
                  | -1) [potion of mutation]
  4108 | D:4      | Gained mutation: Your movements are slightly less
                  | encumbered by armour. (ER -2) [potion of mutation]
  4109 | D:4      | 4109 ||| DRINKING 2 potions of mutation.
  4109 | D:4      | Lost mutation: You occasionally lose the ability to drink
                  | potions when taking damage. [potion of mutation]
  4109 | D:4      | Lost mutation: Your movements are slightly less encumbered
                  | by armour. (ER -2) [potion of mutation]
  4109 | D:4      | Lost mutation: Your muscles are strong. (Str +4, Int/Dex
                  | -1) [potion of mutation]
  4109 | D:4      | Gained mutation: Armour fits poorly on your strangely
                  | shaped body. [potion of mutation]
  4109 | D:4      | Gained mutation: You are covered in fur. (AC +1) [potion of
                  | mutation]
  4110 | D:4      | 4110 ||| DRINKING potion of mutation.
  4110 | D:4      | Lost mutation: You are covered in fur. (AC +1) [potion of
                  | mutation]
  4110 | D:4      | Lost mutation: Armour fits poorly on your strangely shaped
                  | body. [potion of mutation]
  4110 | D:4      | Gained mutation: Your spells are a little harder to cast,
                  | but a little more powerful. [potion of mutation]
  4110 | D:4      | Gained mutation: You occasionally lose the ability to read
                  | scrolls when taking damage. [potion of mutation]
  4110 | D:4      | Gained mutation: You have hidden genetic potential. [potion
                  | of mutation]
  4110 | D:4      | Gained mutation: Your movements are slightly less
                  | encumbered by armour. (ER -2) [potion of mutation]
  4111 | D:4      | 4111 ||| DRINKING 2 amethyst potions.
  4112 | D:4      | 4112 ||| DROPPING potion of flight.
  4113 | D:4      | 4113 ||| READING scroll of teleportation.
  4200 | D:5      | Entered Level 5 of the Dungeon
  4200 | D:5      | Found a staircase to the Ecumenical Temple.
  4201 | D:5      | 4201 ||| STAIRDANCE
  4276 | D:5      | 4276 ||| STAIRDANCE
  4282 | D:4      | Reached XP level 7. HP: 54/54 MP: 8/8
  4354 | D:5      | 4354 ||| STAIRDANCE
  4447 | D:5      | 4447 ||| STAIRDANCE
  4553 | D:5      | 4553 ||| Stepping ~*~*~tactically~*~*~ (stealth).
  4558 | D:5      | 4558 ||| INVOKING Fiery Armour.
  4559 | D:5      | HP: 10/56 [water moccasin (5)]
  4560 | D:5      | HP: 4/56 [water moccasin (1)]
  4561 | D:5      | HP: 1/56 [poisoned by a water moccasin]
  4562 | D:5      | Succumbed to a water moccasin's poison

Levels and vault maps discovered:
D:1:      noname_arrival_rooms_in_the_neighbourhood, layout_loops_cross,
          serial_forest, infiniplex_forest_lined_room_2,
          infiniplex_forest_straight_4, infiniplex_forest_join,
          infiniplex_forest_lined_room_2, infiniplex_forest_lined_3_way,
          infiniplex_forest_lined_3, infiniplex_forest_lined_room_2,
          ebering_ecumenical_altar_webs, minmay_tetromino_o4
D:2:      layout_loops_ring, minmay_between
D:3:      layout_loops_ring, lemuel_tele_altar, grunt_ashenzari_visionary
          [grunt_ashenzari_visionary_shoals, grunt_ashenzari_visionary_snake],
          serial_shops, nicolae_shop_trees
D:4:      layout_rooms, uniq_ijyb, uniq_edmund, uniq_crazy_yiuf_cottage
D:5:      layout_rooms, mainiacjoe_overflow_six_doors_small,
          minmay_temple_entry_mist

Skill      XL: |  1  2  3  4  5  6  7 |
---------------+----------------------+-----
Axes           | 3 4 5 6 |  6.2
Armour         | 1 2 |  2.3
Throwing       | 1 |  1.0
Fighting       | 4 |  4.5
Dodging        | 2 |  2.1
Spellcasting   | |  1.0
Fire Magic     | |  2.6

Action                   |  1- 3 |  4- 6 |  7- 9 || total
-------------------------+-------+-------+-------++-------
Melee: Hand axe          |    95 |    18 |       ||   113
       Touch             |     8 |    14 |     2 ||    24
       Broad axe         |       |    64 |    21 ||    85
       Punch             |       |       |     1 ||     1
Throw: Javelin           |    24 |    13 |     1 ||    38
       Boomerang         |       |     6 |       ||     6
Invok: Fiery Armour      |       |     1 |     1 ||     2
  Use: Scroll            |     7 |     4 |       ||    11
       Potion            |       |     4 |       ||     4
Armor: Robe              |    15 |       |       ||    15
       Plate armour      |    24 |    46 |    16 ||    86
       Skin              |       |     2 |       ||     2
Dodge: Dodged            |    35 |    33 |     7 ||    75
Block: Other             |     8 |    21 |     3 ||    32

Table legend:
 A = Non-vault XP
 B = Vault XP
 C = Vault XP percentage of total XP
 D = Non-vault monster count
 E = Vault monster count
 F = Vault count percentage of total count
                 A         B        C        D         E       F
            +---------+---------+-------+---------+---------+-------
      Total |     825 |     214 |  20.6 |      74 |       8 |   9.8
            +---------+---------+-------+---------+---------+-------
        D:1 |      15 |       4 |  21.1 |      12 |       3 |  20.0
        D:2 |      64 |       8 |  11.1 |      19 |       3 |  13.6
        D:3 |     179 |       0 |   0.0 |      20 |       0 |   0.0
        D:4 |     412 |     202 |  32.9 |      21 |       2 |   8.7
        D:5 |     155 |       0 |   0.0 |       2 |       0 |   0.0
            +---------+---------+-------+---------+---------+-------
